 Seeded DCSS version 0.29-a0-284-gf9362112df (webtiles) character file.

Game seed: 16843268196263206613 (custom seed)

28 gzilladon the Chopper (level 3, 0/33 HPs)
             Began as a Hill Orc Monk on Mar 31, 2022.
             Succumbed to a gnoll's poison
             ... on level 2 of the Dungeon.
             The game lasted 00:01:48 (752 turns).

gzilladon the Chopper (Hill Orc Monk)                Turns: 752, Time: 00:01:48

Health: 0/33       AC:  8    Str: 15    XL:     3   Next: 12%
Magic:  12/12      EV:  7    Int: 10    God:
Gold:   11         SH:  0    Dex: 13    Spells: 2/2 levels left

rFire   . . .      SeeInvis .   a - +0 hand axe
rCold   . . .      Faith    .   (no shield)
rNeg    . . .      Spirit   .   e - +0 chain mail
rPois   .          Reflect  .   (no helmet)
rElec   .          Harm     .   (no cloak)
rCorr   .          Rampage  .   (no gloves)
Will    .....                   (no boots)
Stlth   ..........              (no amulet)
HPRegen 0.11/turn               f - ring of magical power
MPRegen 0.13/turn               (no ring)

@: lethally poisoned (0 -> -12)
A: no striking features
a: no special abilities


You were on level 2 of the Dungeon.
You visited 1 branch of the dungeon, and saw 2 of its levels.

You collected 11 gold pieces.

Inventory:

Hand Weapons
 a - a +0 hand axe (weapon)
Missiles
 h - 9 stones (quivered)
Armour
 b - a +0 robe
 e - a +0 chain mail (worn)
Magical Staves
 i - a staff of earth
Jewellery
 f - a ring of magical power (left hand)
Scrolls
 d - a scroll of noise {unknown}
 g - a scroll of identify {unknown}
Potions
 c - a potion of ambrosia


   Skills:
 + Level 3.9 Fighting
 * Level 5.1 Axes
 + Level 2.5 Dodging
 - Level 1.5 Stealth


You had 2 spell levels left.
You didn't know any spells.
Your spell library was empty.

Dungeon Overview and Level Annotations

Branches:
Dungeon (2/15)

Altars:


Message History

A ball python comes into view.
The ball python hisses angrily.
You see here 14 gold pieces.
A goblin comes into view. It is wielding a +0 dagger.
Found a pair of boots.
The goblin shouts!
The goblin hits you but does no damage.
You slash the goblin!
You kill the goblin!
Things that are here:
a +0 dagger; a goblin corpse
Found a stone staircase leading up.
The gnoll barely misses you.
The ball python bites you but does no damage.
The ball python grabs you. The ball python constricts you.
The gnoll barely misses you.
The ball python's grasp on you weakens, but your attempt to escape fails.
The ball python bites you but does no damage.
The ball python constricts you.
The gnoll hits you from afar with a +1 halberd of venom.
You are poisoned.
The ball python bites you but does no damage.
The ball python constricts you.
The ball python's grasp on you weakens, but your attempt to escape fails.
You feel sick. The ball python barely misses you.
The ball python constricts you.
The gnoll hits you from afar with a +1 halberd of venom.
You are more poisoned.
You escape the ball python's grasp.
You feel very sick.
The gnoll hits you from afar with a +1 halberd of venom.
You are lethally poisoned!
* * * LOW HITPOINT WARNING * * *
You feel very sick.
The ball python attacks as you move away!
The ball python bites you but does no damage.
The ball python barely misses you.
* * * LOW HITPOINT WARNING * * *
You feel very sick.
You die...

...........≈............
......$......).≈≈≈..#...
###...#####.#....≈≈≈#...
#...# #........≈≈...
#.#.# #.#.g≈....≈≈.#
#...# #..≈≈..≈≈≈.###
..... #.≈≈..S≈......
.##.##. #.#.##.≈#.####
.. ... .. #...##@##.#
###. #.......# ..
####.#### .. ##


You could see a gnoll and a ball python.

Vanquished Creatures
  A gnoll (D:2)
  4 endoplasms (D:1)
  2 giant cockroaches
  4 goblins
  2 hobgoblins (D:2)
  A bat (D:1)
  A kobold (D:1)
15 creatures vanquished.

Notes
Turn   | Place    | Note
-------+----------+-------------------------------------------
     0 | D:1      | gzilladon the Hill Orc Monk began the quest for the Orb.
     0 | D:1      | Reached XP level 1. HP: 19/19 MP: 1/1
   282 | D:1      | Reached XP level 2. HP: 27/27 MP: 2/2
   694 | D:2      | Reached skill level 5 in Axes
   694 | D:2      | Reached XP level 3. HP: 20/33 MP: 3/3
   752 | D:2      | Succumbed to a gnoll's poison

Illustrated notes

Levels and vault maps discovered:
D:1:      heliophobic_arrival_henge, layout_basic, hex_intersection
D:2:      layout_loops_cross, hellmonk_ecumenical_altar_watching_god,
          chequers_serial_rivers_small_b, st_stairs_4, kennysheep_pointless_box

Skill      XL: |  1  2 |
---------------+-------+-----
Axes           | 5 |  5.1
Fighting       | |  3.9
Dodging        | |  2.5
Stealth        | |  1.5

Action                   || total
-------------------------++-------
Melee: Hand axe          ||    37
Armor: Chain mail        ||    26
Dodge: Dodged            ||    14

Table legend: (Time is in decaauts)
 A = Elapsed time spent in this place.
 B = Non-inter-level travel time spent in this place.
 C = Inter-level travel time spent in this place.
 D = Time resting spent in this place.
 E = Time spent auto-exploring this place.
 F = Levels seen in this place.
 G = Mean time per level.
                   A        B        C        D        E       F      G
               +--------+--------+--------+--------+--------+-----+--------+
         Total |    753 |    636 |    117 |    163 |      0 |   2 |  376.5 |
       Dungeon |    753 |    636 |    117 |    163 |      0 |   2 |  376.5 |
               +--------+--------+--------+--------+--------+-----+--------+

Top non-repeatable levels by time:
     D:1: 616 daAuts
     D:2: 136 daAuts
